 Dungeon Crawl Stone Soup version 0.28-a0-664-gc179e30c89 (webtiles) character file.

Game seed: 15006947703972145199

849 Woods the Insei (level 8, -4/72 HPs)
             Began as a Naga Transmuter on Oct 17, 2021.
             Was a Follower of Cheibriados.
             Killed from afar by a gargoyle (23 damage)
             ... with a stone arrow
             ... on level 5 of the Dungeon.
             The game lasted 00:09:54 (7193 turns).

Woods the Insei (Naga Transmuter)                   Turns: 7193, Time: 00:09:55

Health: -4/72      AC:  4    Str: 14    XL:     8   Next: 1%
Magic:  14/14      EV: 10    Int: 18    God:    Cheibriados [*.....]
Gold:   171        SH:  0    Dex: 14    Spells: 9/15 levels left

rFire   . . .      SeeInvis +     - Unarmed
rCold   . . .      Faith    .   (no shield)
rNeg    + . .      Spirit   .   m - +0 robe {rN+}
rPois   +          Reflect  .   p - +0 helmet
rElec   .          Harm     .   (no cloak)
rCorr   .          Rampage  .   (no gloves)
Will    +....                   (no barding)
Stlth   +.........              (no amulet)
HPRegen 0.22/turn               (no ring)
MPRegen 0.14/turn               (no ring)

@: about to teleport, very slow
A: AC +2, large, see invisible, deformed body, poison resistance, slowness 2,
spit poison 1, naga tail 1
a: Spit Poison, Renounce Religion, Bend Time


You were on level 5 of the Dungeon.
You worshipped Cheibriados.
Cheibriados was aware of your devotion.
You visited 1 branch of the dungeon, and saw 5 of its levels.

You collected 171 gold pieces.

Inventory:

Armour
 m - a +0 robe of positive energy (worn)
 p - a +0 helmet (worn)
Jewellery
 a - a ring of protection from cold
Scrolls
 b - 2 scrolls of immolation {unknown}
 c - 5 scrolls of identify {unknown}
 d - a scroll of noise {unknown}
 f - 2 scrolls of teleportation
 g - a scroll of enchant weapon {unknown}
 i - a scroll of brand weapon {unknown}
 j - a scroll of amnesia {unknown}
 n - a scroll of torment {unknown}
 q - a scroll of enchant armour {unknown}
Potions
 e - a potion of lignification
 h - 5 potions of mutation {unknown}
 k - a potion of attraction {unknown}
 l - a potion of experience {unknown}
 o - a potion of brilliance {unknown}


   Skills:
 - Level 4.0 Fighting
 - Level 1.5 Dodging
 - Level 6.0 Unarmed Combat
 + Level 4.1 Spellcasting
 + Level 4.4 Transmutations


You had 9 spell levels left.
You knew the following spells:

 Your Spells              Type           Power      Damage    Failure   Level
a - Beastly Appendage     Tmut           38%        N/A       2%          1
b - Wereblood             Tmut           19%        N/A       3%          2
c - Spider Form           Tmut/Pois      5%         N/A       17%         3

Your spell library contained the following spells:

 Spells                   Type           Power      Damage    Failure   Level
 Foxfire                  Conj/Fire      12%        2x1d4     14%         1
 Magic Dart               Conj           12%        1d3       14%         1
 Call Imp                 Summ           3%         N/A       22%         2
 Mephitic Cloud           Conj/Pois/Air  3%         N/A       41%         3
 Ice Form                 Ice/Tmut       11%        N/A       50%         4


Dungeon Overview and Level Annotations

Branches:
Dungeon (5/15)
 Temple: D:4-7

Altars:
Ashenzari
Cheibriados
Hepliaklqana
Makhleb
Ru
Sif Muna
Yredelemnul

Shops:
D:1 [


Innate Abilities, Weirdness & Mutations

Your serpentine skin is tough. (AC +2)
You have supernaturally acute eyesight. (SInv)
Armour fits poorly on your strangely shaped body.
Your system is resistant to poisons. (rPois)
You cover ground very slowly.
You can spit poison.
You have a snake-like lower body.


Message History

You feel agile. The gnoll barely misses you.
You see here a +0 flail.
You bite the gnoll!
The gnoll is poisoned.
The gnoll is almost dead.
The gnoll closely misses you.
You barely miss the gnoll.
The gnoll is almost dead.
The gnoll closely misses you.
You bite the gnoll!
You kill the gnoll!
Cheibriados thoroughly appreciates the change of pace.
Your transformation has ended.
Your +0 helmet unmelds from your body.
Your +0 robe of positive energy unmelds from your body.
You feel more protected from negative energy.
You start resting.
Magic restored.
You start waiting.
A gargoyle is nearby!
A gargoyle is nearby!
A gargoyle is nearby!
You start waiting.
Done waiting.
Found a scroll labelled FUODGH VAIVORPH.
Found a stone staircase leading down.
The gargoyle hurls a stone arrow at you.
The stone arrow hits you!!
The gargoyle hurls a stone arrow at you.
The stone arrow misses you. The gargoyle hits you with a +0 flail!!
The gargoyle hurls a stone arrow at you.
The stone arrow hits you!
* * * LOW HITPOINT WARNING * * *
You see here a scroll labelled FUODGH VAIVORPH.
As you read the scroll of teleportation, it crumbles to dust.
You feel strangely unstable.
The gargoyle hurls a stone arrow at you.
The stone arrow hits you!!
You die...

#############
#....>......############
#....@9..............#
#.#######.##########.#
..................
###.#<.........#
#.........##.#
#.............
#####............
.............##.#
####..#..........


You could see a gargoyle.

Vanquished Creatures
  Sigmund (D:2)
  Menkaure (D:5)
  A phantom (D:4)
  A scorpion (D:5)
  A jelly (D:4)
  2 hounds (D:4)
  An iguana (D:4)
  Natasha (thrice) (D:2)
  A hound skeleton (D:5)
  7 adders
  3 gnolls (D:5)
  An adder skeleton (D:4)
  3 worms
  3 dart slugs
  6 orcs
  6 bats
  5 endoplasms
  A giant cockroach (D:1)
  9 goblins
  11 hobgoblins
  15 jackals
  4 quokkas
  11 ball pythons
  6 frilled lizards
  14 kobolds
  5 rats
122 creatures vanquished.

Vanquished Creatures (others)
  3 plants (D:2)
3 creatures vanquished.

Grand Total: 125 creatures vanquished

Notes
Turn   | Place    | Note
-------+----------+-------------------------------------------
     0 | D:1      | Woods the Naga Transmuter began the quest for the Orb.
     0 | D:1      | Reached XP level 1. HP: 18/18 MP: 3/3
     1 | D:1      | Found Dountud's Antique Armour Boutique.
   204 | D:1      | Reached XP level 2. HP: 17/25 MP: 3/5
   212 | D:1      | Learned a level 2 spell: Wereblood
  1043 | D:1      | Reached XP level 3. HP: 30/32 MP: 4/6
  1828 | D:2      | Reached skill level 4 in Unarmed Combat
  1828 | D:2      | Reached XP level 4. HP: 9/40 MP: 7/7
  2370 | D:2      | Learned a level 3 spell: Spider Form
  2435 | D:2      | Found a faded altar of an unknown god.
  2442 | D:2      | Got Plato's Guide on the Volcanoes
  2491 | D:2      | Noticed Sigmund
  2530 | D:2      | Killed Sigmund
  2531 | D:2      | Reached skill level 5 in Unarmed Combat
  2531 | D:2      | Reached XP level 5. HP: 10/50 MP: 4/8
  2531 | D:2      | Reached XP level 6. HP: 11/57 MP: 4/9
  2911 | D:2      | Noticed Natasha
  2921 | D:2      | Killed Natasha
  3059 | D:2      | Noticed Natasha
  3067 | D:2      | Killed Natasha
  3125 | D:2      | Noticed Natasha
  3135 | D:2      | Killed Natasha
  3304 | D:3      | Found a basalt altar of Yredelemnul.
  3599 | D:3      | Reached skill level 6 in Unarmed Combat
  3802 | D:3      | Found a shimmering blue altar of Sif Muna.
  4597 | D:4      | Found a broken altar of Ashenzari.
  4597 | D:4      | Found a snail-covered altar of Cheibriados.
  4598 | D:4      | Found a sacrificial altar of Ru.
  4602 | D:4      | Found a hazy altar of Hepliaklqana.
  4740 | D:4      | Became a worshipper of Cheibriados the Contemplative
  4884 | D:4      | Reached XP level 7. HP: 35/64 MP: 8/10
  5808 | D:4      | Reached * piety under Cheibriados
  5921 | D:4      | Found a burning altar of Makhleb.
  6083 | D:5      | Entered Level 5 of the Dungeon
  6235 | D:5      | Noticed Menkaure
  6242 | D:5      | Killed Menkaure
  6650 | D:5      | Noticed a gargoyle
  6969 | D:5      | Reached XP level 8. HP: 72/72 MP: 11/14
  7193 | D:5      | Killed from afar by a gargoyle

Illustrated notes

Levels and vault maps discovered:
D:1:      scummos_arrival_simple_crosswalls, layout_loops_ring, serial_shops,
          shop, minmay_distorted
D:2:      layout_loops_ring, shapermc_ecumenical_altar_rom_forum,
          minmay_misc_feat_plants, minmay_misc_feat_encased,
          minmay_misc_feat_roman, st_stairs_12, dk_noncrumbling_3, uniq_sigmund,
          uniq_natasha
D:3:      minmay_general_purpose_star, layout_loops_ring,
          mainiacjoe_overflow_six_doors_small, kennysheep_orc_sif_temple,
          grunt_decor_arrowhead, minmay_goblin_outpost
D:4:      layout_loops_ring, grunt_temple_overflow_open, lightli_temple_of_fire,
          minmay_stone_trees_small
D:5:      layout_loops_ring, portal_sewer_entry_e, columned_hall_lemuel,
          uniq_menkaure

Skill      XL: |  1  2  3  4  5  6  7 |
---------------+----------------------+-----
Fighting       | 2 4 |  4.0
Unarmed Combat | 4 5 6 |  6.0
Transmutations | 4 |  4.4
Spellcasting   | 4 |  4.1
Dodging        | |  1.5

Action                   |  1- 3 |  4- 6 |  7- 9 || total
-------------------------+-------+-------+-------++-------
Melee: Unarmed           |    99 |   177 |    79 ||   355
       Headbutt          |     8 |    17 |     4 ||    29
       Punch             |     1 |     6 |       ||     7
 Cast: Beastly Appendage |    18 |    31 |    10 ||    59
       Spider Form       |       |     1 |     7 ||     8
       Wereblood         |       |     2 |       ||     2
 Abil: Spit Poison       |    11 |    17 |     2 ||    30
  Use: Potion            |     1 |       |       ||     1
       Scroll            |       |       |     2 ||     2
Armor: Robe              |    23 |    41 |     9 ||    73
       Skin              |     3 |       |       ||     3
Dodge: Dodged            |    51 |    71 |    44 ||   166

Table legend: (Time is in decaauts)
 A = Elapsed time spent in this place.
 B = Non-inter-level travel time spent in this place.
 C = Inter-level travel time spent in this place.
 D = Time resting spent in this place.
 E = Time spent auto-exploring this place.
 F = Levels seen in this place.
 G = Mean time per level.
                   A        B        C        D        E       F      G
               +--------+--------+--------+--------+--------+-----+--------+
         Total |   8812 |   8627 |    185 |   1590 |   5627 |   5 | 1762.4 |
       Dungeon |   8812 |   8627 |    185 |   1590 |   5627 |   5 | 1762.4 |
               +--------+--------+--------+--------+--------+-----+--------+

Top non-repeatable levels by time:
     D:3: 1920 daAuts
     D:1: 1910 daAuts
     D:2: 1799 daAuts
     D:4: 1748 daAuts
     D:5: 1433 daAuts
